 Dungeon Crawl Stone Soup version 0.29.0 (webtiles) character file.

Game seed: 11486285050712758526

243 Dillybarz the Chopper (level 5, -1/48 HPs)
             Began as a Minotaur Berserker on Aug 24, 2022.
             Was a Believer of Trog.
             Slain by Pikel
             ... wielding a +2 whip of flaming
              (9 damage)
             ... on level 4 of the Dungeon.
             The game lasted 00:13:26 (3291 turns).

Dillybarz the Chopper (Minotaur Berserker)          Turns: 3291, Time: 00:13:26

Health: -1/48      AC:  7    Str: 23    XL:     5   Next: 82%
Magic:  4/4        EV:  8    Int:  4    God:    Trog [**....]
Gold:   206        SH:  7    Dex: 10    Spells: 4/4 levels left

rFire   . . .      SeeInvis .   a - +0 hand axe
rCold   . . .      Faith    .   e - +0 kite shield
rNeg    . . .      Spirit   .   d - +0 scale mail
rPois   .          Reflect  .   (helmet restricted)
rElec   .          Harm     .   (no cloak)
rCorr   .          Rampage  .   (no gloves)
Will    .....                   (no boots)
Stlth   ..........              (no amulet)
HPRegen 0.16/turn               (no ring)
MPRegen 0.09/turn               (no ring)

@: no status effects
A: horns 2, retaliatory headbutt
a: Renounce Religion, Berserk, Trog's Hand


You were on level 4 of the Dungeon.
You worshipped Trog.
Trog was pleased with you.
You visited 1 branch of the dungeon, and saw 4 of its levels.

You collected 206 gold pieces.

Inventory:

Hand Weapons
 a - a +0 hand axe (weapon)
 b - the +9 sling of the Many Hells {venom, rC+ Dex+3 SInv}
   (You found it on level 2 of the Dungeon)

   Any ammunition fired from it poisons the flesh of those it strikes.
   Dex:       It affects your dexterity (+3).
   rC:        It protects you from cold.
   SInv:      It lets you see invisible.
Missiles
 f - 33 stones
Armour
 d - a +0 scale mail (worn)
 e - a +0 kite shield (worn)
Jewellery
 m - an amulet of faith
Wands
 c - a wand of charming (6)
Scrolls
 n - a scroll of noise {unknown}
Potions
 g - a potion of cancellation
 h - 3 potions of mutation
 i - 2 potions of might
 j - a potion of lignification
 k - 3 potions of attraction
 l - 2 potions of brilliance {unknown}
 o - a potion of curing {unknown}


   Skills:
 + Level 5.0 Fighting
 + Level 5.0 Axes
 + Level 1.5 Ranged Weapons
 + Level 4.2 Armour
 - Level 2.6 Dodging
 + Level 2.0 Shields


You had 4 spell levels left.
You didn't know any spells.
Your spell library was empty.

Dungeon Overview and Level Annotations

Branches:
Dungeon (4/15)
 Temple: D:4-7

Altars:

Shops:
D:1 [   D:4 :=

Annotations:
D:4 Pikel


Innate Abilities, Weirdness & Mutations

You have a pair of horns on your head.
You reflexively headbutt those who attack you in melee.


Message History

A lemure comes into view.
The lemure shouts!
Pikel hits you but does no damage.
Okay, then.
You hit Pikel.
Pikel is lightly wounded.
You barely miss the lemure.
Pikel hits you with a +2 whip of flaming!
Pikel burns you. The lemure hits you. You block the lemure's attack.
Pikel hits you but does no damage. The lemure barely misses you.
You completely miss Pikel.
Pikel is lightly wounded.
You hit the lemure but do no damage. You hit the lemure.
Pikel barely misses you. You furiously retaliate!
You headbutt Pikel! The lemure closely misses you. You furiously retaliate!
You headbutt the lemure. The lemure hits you but does no damage.
You miss Pikel.
Pikel is moderately wounded.
You barely miss the lemure. You closely miss the lemure.
You block Pikel's attack. The lemure hits you. The lemure barely misses you.
You hit Pikel. You headbutt Pikel, but do no damage.
Pikel is heavily wounded.
You hit the lemure. You closely miss the lemure. You block Pikel's attack.
You block the lemure's attack. The lemure hits you but does no damage.
You closely miss Pikel.
Pikel is heavily wounded.
You closely miss the lemure. You hit the lemure.
Pikel hits you with a +2 whip of flaming.
Pikel burns you.
The lemure hits you but does no damage. x2
The lemure completely misses you. You furiously retaliate!
You headbutt the lemure!
Pikel hits you with a +2 whip of flaming.
Pikel burns you. The lemure hits you!
* * * LOW HITPOINT WARNING * * *
You slash Pikel! You headbutt Pikel.
Pikel is severely wounded.
You barely miss the lemure. You closely miss the lemure.
The lemure hits you but does no damage.
Pikel hits you with a +2 whip of flaming!
You die...

#...# ###.### #.####### #...#
#.....# #.# #...#
#.....###.###### ######
#########.........#### ....
##.#...#####.#####.....
#..##...##5#.###.#####.####
#†#...#.5..##......##.####
#.....#K##.##..##.##.##..
..5K........55@5.....##.......#
####################...........
############


You could see Pikel and 4 lemures.

Vanquished Creatures
  A necrophage (D:3)
  An iguana (D:4)
  Terence (D:2)
  Robin (D:4)
  A gnoll (D:1)
  5 adders
  2 dart slugs
  A worm (D:2)
  2 orcs
  6 ball pythons
  3 endoplasms
  A giant cockroach (D:2)
  12 goblins
  7 hobgoblins
  3 jackals (D:3)
  5 quokkas
  6 bats
  2 frilled lizards (D:3)
  2 kobolds
  4 rats
66 creatures vanquished.

Vanquished Creatures (others)
  2 plants (D:1)
2 creatures vanquished.

Grand Total: 68 creatures vanquished

Notes
Turn   | Place    | Note
-------+----------+-------------------------------------------
     0 | D:1      | Dillybarz the Minotaur Berserker began the quest for the
                  | Orb.
     0 | D:1      | Reached XP level 1. HP: 19/19 MP: 0/0
    59 | D:1      | Found a faded altar of an unknown god.
   117 | D:1      | Reached XP level 2. HP: 15/27 MP: 1/1
   441 | D:1      | Found Kokugiwy's Antique Armour Shop.
   959 | D:2      | Identified the +9 sling of the Many Hells {venom, rC+ Dex+3
                  | SInv}
  1022 | D:2      | Reached XP level 3. HP: 33/33 MP: 2/2
  1066 | D:2      | Noticed Terence
  1073 | D:2      | Killed Terence
  1643 | D:2      | Reached XP level 4. HP: 41/41 MP: 3/3
  1847 | D:3      | Reached ** piety under Trog
  2128 | D:3      | Reached skill level 1 in Shields
  2417 | D:3      | Noticed a necrophage
  2426 | D:3      | Killed a necrophage
  2427 | D:3      | Reached skill level 1 in Ranged Weapons
  2427 | D:3      | Reached XP level 5. HP: 43/47 MP: 4/4
  2909 | D:4      | Found Rodao's Jewellery Boutique.
  2977 | D:4      | Noticed Robin
  2994 | D:4      | Killed Robin
  3089 | D:4      | Found Heqajemn's Book Boutique.
  3107 | D:4      | Reached skill level 5 in Axes
  3266 | D:4      | Noticed a lemure
  3266 | D:4      | Noticed a lemure
  3270 | D:4      | Reached skill level 5 in Fighting
  3273 | D:4      | Noticed Pikel
  3274 | D:4      | Noticed a lemure
  3284 | D:4      | Noticed a lemure
  3291 | D:4      | Slain by Pikel

Illustrated notes

Levels and vault maps discovered:
D:1:      lightli_molten_gateway, layout_basic, serial_shops,
          nicolae_shop_overgrown_old_shop, chequers_ecumenical_altar_island
D:2:      layout_basic, uniq_terence
D:3:      layout_basic
D:4:      layout_loops_cross, evilmike_ruin_ashenzari, serial_shops, shop,
          nicolae_shop_crystal, shop, nicolae_shop_behind_doors,
          minmay_misc_feat_rugged, uniq_robin, uniq_pikel

Skill      XL: |  1  2  3  4  5 |
---------------+----------------+-----
Axes           | 4 5 |  5.0
Fighting       | 4 5 |  5.0
Armour         | 3 4 |  4.2
Shields        | 1 2 |  2.0
Ranged Weapons | 1 |  1.5
Dodging        | |  2.6

Action                   |  1- 3 |  4- 6 || total
-------------------------+-------+-------++-------
Melee: Hand axe          |    51 |    68 ||   119
       Headbutt          |     7 |    10 ||    17
 Fire: Sling             |       |    32 ||    32
Invok: Berserk           |       |     1 ||     1
  Use: Scroll            |     5 |     5 ||    10
Armor: Animal skin       |     5 |       ||     5
       Ring mail         |     3 |       ||     3
       Scale mail        |     7 |    33 ||    40
Dodge: Dodged            |    27 |    22 ||    49
Block: Kite shield       |     4 |    33 ||    37
